 Dungeon Crawl Stone Soup version 0.22-a0-803-gd6d8abe (webtiles) character file.

2 iamserjio the Firebug (level 1, 7/10 HPs)
             Began as a Tengu Fire Elementalist on July 22, 2018.
             Quit the game on level 4 of the Dungeon.
             The game lasted 00:00:37 (50 turns).

iamserjio the Firebug (Tengu Fire Elementalist)       Turns: 50, Time: 00:00:38

Health: 7/10       AC:  2    Str:  8    XL:     1   Next: 40%
Magic:  4/4        EV: 12    Int: 15    God:
Gold:   12         SH:  0    Dex: 14    Spells: 3/4 levels left

rFire    . . .     SeeInvis .   (no weapon)
rCold    . . .     Gourm    .   (no shield)
rNeg     . . .     Faith    .   a - +0 robe
rPois    .         Spirit   .   (helmet restricted)
rElec    .         Reflect  .   (no cloak)
rCorr    .         Harm     .   (no gloves)
MR       .....                  (boots unavailable)
Stlth    ++........             (no amulet)
HPRegen  0.03/turn              (no ring)
MPRegen  0.09/turn              (no ring)

@: no status effects
A: beak, talons 3
a: no special abilities


You were on level 4 of the Dungeon.
You were not hungry.

You visited 1 branch of the dungeon, and saw 4 of its levels.

You collected 12 gold pieces.

Inventory:

Armour
 a - a +0 robe (worn)
Scrolls
 b - a scroll of amnesia {unknown}
Comestibles
 c - 2 rations


   Skills:
 - Level 2.1 Dodging
 - Level 2.0 Stealth
 - Level 2.0 Spellcasting
 + Level 1.7 Conjurations
 + Level 3.4 Fire Magic


You had 3 spell levels left.
You knew the following spells:

 Your Spells              Type           Power        Failure   Level  Hunger
a - Flame Tongue          Conj/Fire      #....        8%          1    #......

Your spell library contained the following spells:

 Spells                   Type           Power        Failure   Level  Hunger
 Fireball                 Conj/Fire      #.........   91%         5    ######.
 Conjure Flame            Conj/Fire      #.......     24%         3    ###....
 Throw Flame              Conj/Fire      #.....       12%         2    ###....
 Sticky Flame             Conj/Fire      #.......     61%         4    #####..
 Inner Flame              Hex/Fire       #.......     32%         3    ###....


Dungeon Overview and Level Annotations

Branches:
Dungeon (4/15)
 Temple: D:4-7

Altars:

Annotations:
D:2 Terence


Innate Abilities, Weirdness & Mutations

You have a beak for a mouth.
You have claws for feet.


Message History

A leopard gecko, 2 orcs and an orc wizard come into view.
The orc shouts! x2; You hear an angry hiss.
Found a ration and a leather armour.
Found a stone staircase leading down and a stone staircase leading up.
There is a stone staircase leading up here.
You see here a ration.
c - 2 rations (gained 1)
Found a scroll labeled FAIKHI JYIS.
Found a falchion.
Found a stone staircase leading up.
There is a stone staircase leading down here.
You see here a scroll labeled FAIKHI JYIS.
b - a scroll labeled FAIKHI JYIS The leopard gecko closely misses you.
The leopard gecko bites you.
There is a stone staircase leading down here.
The leopard gecko bites you.
You climb downwards.
An adder and a hound come into view.
The adder hisses angrily.
The hound barks!
There is a stone staircase leading up here.
Are you sure you want to abandon this character and quit the game? (Confirm with "yes".)

## .. #. #.
#.#####
##.l...##
#..@....#
#.........#
#..h......#
#.........#
#.........#
.........S#
#..........#
##.........#


You could see a hound, an adder and a leopard gecko.

Vanquished Creatures
  A goblin (D:2)
  A hobgoblin (D:2)
2 creatures vanquished.

Notes
Turn   | Place    | Note
-------+----------+-------------------------------------------
     0 | D:1      | iamserjio the Tengu Fire Elementalist began the quest for the Orb.
     0 | D:1      | Reached XP level 1. HP: 10/10 MP: 4/4
    11 | D:2      | Noticed Terence
    36 | D:3      | Noticed an orc wizard
    49 | D:4      | Noticed a hound
    50 | D:4      | Quit the game

Vault maps used:
D:1:      ebering_trefoil_twist
D:2:      first_ration, grunt_decor_resistance, uniq_terence
D:3:      grunt_temple_overflow_lords_of_destruction,
          grunt_temple_overflow_growth_and_decay, kennysheep_okawaru_gauntlet,
          portal_sewer_entry_e, minmay_misc_feat_four_crosses,
          minmay_close_crescents

Action                   || total
-------------------------++-------
Melee: Unarmed           ||     1
       Kick              ||     1
 Cast: Flame Tongue      ||     2
Dodge: Dodged            ||     1

Table legend:
 A = Spawn XP
 B = Non-spawn XP
 C = Spawn XP percentage of total XP
 D = Spawn monster count
 E = Non-spawn monster count
 F = Spawn count percentage of total count
 G = Total turns spent on level
                    A         B        C        D         E        F      G
               +---------+---------+-------+---------+---------+-------+---------
         Total |       0 |       4 |   0.0 |       0 |       2 |   0.0 |    50
               +---------+---------+-------+---------+---------+-------+---------
           D:2 |       0 |       4 |   0.0 |       0 |       2 |   0.0 |    25
               +---------+---------+-------+---------+---------+-------+---------
